 Dungeon Crawl Stone Soup version 0.23-a0-619-g281719c (webtiles) character file.

95 Leeroy the Slasher (level 4, 0/34 HPs)
             Began as a Barachi Skald on Dec 22, 2018.
             Slain by an orc wizard
             ... wielding a +0 dagger
              (4 damage)
             ... on level 2 of the Dungeon.
             The game lasted 00:09:00 (2480 turns).

Leeroy the Slasher (Barachi Skald)                  Turns: 2480, Time: 00:09:00

Health: 0/34       AC:  3    Str: 12    XL:     4   Next: 65%
Magic:  7/7        EV: 12    Int: 15    God:
Gold:   92         SH:  0    Dex: 11    Spells: 2/7 levels left

rFire    . . .     SeeInvis .   a - +0 falchion
rCold    . . .     Gourm    .   (no shield)
rNeg     . . .     Faith    .   b - +0 leather armour
rPois    .         Spirit   .   (no helmet)
rElec    .         Reflect  .   (no cloak)
rCorr    .         Harm     .   (no gloves)
MR       .....                  (no boots)
Stlth    +.........             (no amulet)
HPRegen  0.11/turn              (no ring)
MPRegen  0.10/turn              (no ring)

@: slowed, very slow
A: +LOS, swims, slowness 1, strong legs 1
a: Hop


You were on level 2 of the Dungeon.
You were very hungry.

You visited 1 branch of the dungeon, and saw 3 of its levels.

You collected 92 gold pieces.

Inventory:

Hand Weapons
 a - a +0 falchion (weapon)
 i - a +0 dagger
 k - a +0 short sword
 l - a +0 rapier
 q - a +0 glaive
 r - a +0 whip
 t - a +2 short sword of venom
 x - a +0 trident
Missiles
 g - 32 sling bullets
 h - 33 arrows
 n - 21 bolts
 s - 75 stones (quivered)
Armour
 b - a +0 leather armour (worn)
Scrolls
 e - a scroll of enchant armour {unknown}
 f - a scroll of blinking {unknown}
 m - a scroll of magic mapping {unknown}
 o - a scroll of amnesia {unknown}
 p - a scroll of remove curse {unknown}
 v - a scroll of identify {unknown}
 w - a scroll of random uselessness {unknown}
Potions
 c - a potion of cancellation
Comestibles
 d - 4 rations


   Skills:
 - Level 2.5 Fighting
 * Level 5.5 Long Blades
 - Level 1.2 Armour
 - Level 2.1 Dodging
 - Level 2.3 Spellcasting
 - Level 3.2 Charms


You had 2 spell levels left.
You knew the following spells:

 Your Spells              Type           Power        Failure   Level  Hunger
a - Infusion              Chrm           ##..         7%          1    #......
b - Shroud of Golubria    Chrm/Tloc      #.........   22%         2    ###....
c - Song of Slaying       Chrm           ##......     11%         2    ###....

Your spell library contained the following spells:

 Spells                   Type           Power        Failure   Level  Hunger
 Regeneration             Chrm/Necr      #.........   38%         3    ###....
 Spectral Weapon          Hex/Chrm       #.......     38%         3    ###....


Dungeon Overview and Level Annotations

Branches:
Dungeon (3/15)

Altars:
Dithmenos
Nemelex Xobeh


Innate Abilities, Weirdness & Mutations

Shadows flee at your approach. (+LOS)
You can swim through water.
You cover ground slowly.
You can hop short distances.


Message History

You throw a stone.
The stone closely misses the orc wizard.
Throwing (i - inventory)
s - 77 stones (quivered)
Press: ? - help, Shift-Dir - straight line, f/p - orc wizard
Aim: an orc wizard, wielding a +0 dagger and wearing a +0 robe (almost dead, You throw a stone.
The stone closely misses the orc wizard.
The orc wizard points at you and mumbles some strange words.
You feel yourself slow down.
Throwing (i - inventory)
s - 76 stones (quivered)
Press: ? - help, Shift-Dir - straight line, f/p - orc wizard
Aim: an orc wizard, wielding a +0 dagger and wearing a +0 robe (almost dead, You throw a stone.
The stone hits the orc wizard.
The orc wizard is almost dead.
The orc wizard hits you but does no damage.
You closely miss the orc wizard.
The orc wizard is almost dead.
The orc wizard barely misses you.
The orc wizard hits you with a +0 dagger.
You die...

#######################
#..†.....†............#
#.###################.#
#.##....#..............
#....##.##.##########.#
######.....#..........#
#.......##########
#.[...............
#######@o.)(...(........
#...............########
#.#########....(##......
#.# #.....##...... #.#
#.....##...... #.#
#.....##...... #.#
#.....#######. #.#
#.....#....... #.#
#.....#.#####.


You could see an orc wizard.

Vanquished Creatures
  2 adders (D:2)
  A worm (D:2)
  4 dart slugs
  3 leopard geckos
  3 orcs
  4 giant cockroaches (D:1)
  5 goblins
  6 hobgoblins
  5 jackals (D:2)
  A quokka (D:3)
  2 ball pythons
  7 bats
  A frilled lizard (D:1)
  6 kobolds
  5 rats
55 creatures vanquished.

Notes
Turn   | Place    | Note
-------+----------+-------------------------------------------
     0 | D:1      | Leeroy the Barachi Skald began the quest for the Orb.
     0 | D:1      | Reached XP level 1. HP: 17/17 MP: 3/3
    46 | D:1      | Reached skill level 3 in Long Blades
    46 | D:1      | Reached XP level 2. HP: 14/23 MP: 5/5
   152 | D:1      | Learned a level 2 spell: Shroud of Golubria
   155 | D:1      | Learned a level 2 spell: Song of Slaying
   373 | D:1      | Reached skill level 4 in Long Blades
   373 | D:1      | Reached XP level 3. HP: 28/28 MP: 6/6
   863 | D:2      | Found a shadowy altar of Dithmenos.
  1246 | D:2      | Reached skill level 5 in Long Blades
  1246 | D:2      | Reached XP level 4. HP: 11/34 MP: 7/7
  1971 | D:2      | Found a sparkling altar of Nemelex Xobeh.
  2480 | D:2      | Slain by an orc wizard

Vault maps used:
D:1:      minmay_arrival_up_and_down
D:2:      nicolae_dithmenos_through_a_glass_darkly, nemelex_lonely_heart_becter
D:3:      lemuel_doored_altar

Skill      XL: |  1  2  3 |
---------------+----------+-----
Long Blades    | 3 4 5 |  5.5
Fighting       | |  2.5
Armour         | |  1.2
Dodging        | |  2.1
Spellcasting   | |  2.3
Charms         | |  3.2

Action                   |  1- 3 |  4- 6 || total
-------------------------+-------+-------++-------
Melee: Falchion          |   150 |    77 ||   227
Throw: Stone             |       |    10 ||    10
 Cast: Song of Slaying   |       |     1 ||     1
  Use: Potion            |       |     2 ||     2
  Eat: Chunk             |     1 |     4 ||     5
Armor: Leather armour    |    54 |    18 ||    72
Dodge: Dodged            |   140 |    52 ||   192
       Rpst.: Falchion   |    48 |    19 ||    67

Table legend:
 A = Non-vault XP
 B = Vault XP
 C = Vault XP percentage of total XP
 D = Non-vault monster count
 E = Vault monster count
 F = Vault count percentage of total count
                 A         B        C        D         E       F
            +---------+---------+-------+---------+---------+-------
      Total |     136 |       0 |   0.0 |      55 |       0 |   0.0
            +---------+---------+-------+---------+---------+-------
        D:1 |      51 |       0 |   0.0 |      28 |       0 |   0.0
        D:2 |      73 |       0 |   0.0 |      21 |       0 |   0.0
        D:3 |      12 |       0 |   0.0 |       6 |       0 |   0.0
            +---------+---------+-------+---------+---------+-------
